 Dungeon Crawl Stone Soup version 0.28-a0-317-g21599a725c (webtiles) character file.

Game seed: 14513471044025540054

767 McIrco the Cutter (level 8, -6/72 HPs)
             Began as a Kobold Berserker on Sept 1, 2021.
             Was a Priest of Trog.
             Mangled by an orc warrior (14 damage)
             ... on level 4 of the Dungeon.
             The game lasted 00:02:59 (3375 turns).

McIrco the Cutter (Kobold Berserker)                Turns: 3375, Time: 00:02:59

Health: -6/72      AC:  2    Str: 16    XL:     8   Next: 9%
Magic:  0/8        EV: 16    Int:  8    God:    Trog [***...]
Gold:   165        SH:  0    Dex: 15    Spells: 7/7 levels left

rFire   . . .      SeeInvis .   o - +2 short sword (venom)
rCold   . . .      Faith    .   (shield restricted)
rNeg    . . .      Spirit   +   b - +0 animal skin
rPois   .          Reflect  .   (no helmet)
rElec   .          Harm     .   (no cloak)
rCorr   .          Rampage  .   (no gloves)
Will    .....                   (no boots)
Stlth   ..........              k - amulet of guardian spirit
HPRegen 0.22/turn               (no ring)
MPRegen 0.11/turn               (no ring)

@: berserking, very quick
A: small, no large weapons, nightstalker 3
a: Renounce Religion, Berserk, Trog's Hand


You were on level 4 of the Dungeon.
You worshipped Trog.
Trog was most pleased with you.
You visited 1 branch of the dungeon, and saw 4 of its levels.

You collected 165 gold pieces.

Inventory:

Hand Weapons
 a - a +0 short sword
 j - a +1 dagger of electrocution
 o - a +2 short sword of venom (weapon)
Armour
 b - a +0 animal skin (worn)
Jewellery
 k - an amulet of guardian spirit (around neck)
 n - an amulet of magic regeneration
Wands
 e - a wand of digging (4)
Scrolls
 f - a scroll of teleportation {unknown}
 g - a scroll of holy word {unknown}
 h - a scroll of summoning {unknown}
 i - 2 scrolls of identify {unknown}
Potions
 c - 2 potions of flight {unknown}
 d - a potion of curing {unknown}
 l - a potion of lignification {unknown}
 m - a potion of degeneration {unknown}


   Skills:
 + Level 4.7 Fighting
 + Level 7.8 Short Blades
 + Level 1.6 Armour
 + Level 4.4 Dodging
 + Level 6.8 Stealth


You had 7 spell levels left.
You didn't know any spells.
Your spell library was empty.

Dungeon Overview and Level Annotations

Branches:
Dungeon (4/15)             Temple (0/1) D:4

Altars:

Shops:
D:1 !


Innate Abilities, Weirdness & Mutations

You are small and have problems with some larger weapons.
You are completely attuned to the shadows.


Message History

An orc warrior comes into view. It is wielding a +0 halberd.
The orc priest hits you with a +0 hand axe!
The orc hits you from afar with a +0 trident.
You are too injured to fight recklessly!
You are too injured to fight recklessly!
Unknown command.
A red film seems to cover your vision as you go berserk!
You feel yourself moving faster!
You feel mighty! The orc misses you.
The orc priest hits you with a +0 hand axe.
The orc hits you from afar with a +0 trident!
You are too injured to fight recklessly!
You are too injured to fight recklessly!
You are too injured to fight recklessly!
You are too injured to fight recklessly!
You hit the orc priest.
The orc priest is almost dead.
The orc misses you.
The orc priest miscasts a cantrip.
You puncture the orc priest!
You kill the orc priest!
Trog accepts your kill. The orc misses you. The orc misses you.
The orc warrior hits you from afar with a +0 halberd!!
* * * LOW HITPOINT WARNING * * *
Things that are here:
a +0 hand axe; an orc corpse You barely miss the orc.
The orc barely misses you. The orc closely misses you.
You barely miss the orc. The orc warrior barely misses you.
You puncture the orc!
You kill the orc!
Trog accepts your kill. The orc closely misses you.
You closely miss the orc. The orc warrior misses you. The orc misses you.
Items here: $ ( ) ? [.
You hit the orc warrior.
The orc warrior is moderately wounded.
The orc warrior hits you with a +0 halberd!
You die...

#.# #.# #.#
#.#
#.######.#.
#..........
###.##.#.#.
####.##o....
......)@o...
####)#######
...# #####


You could see an orc warrior and an orc.

Vanquished Creatures
  Grinder (D:4)
  Eustachio (D:4)
  Edmund (D:4)
  A black bear (D:4)
  An orc priest (D:4)
  2 iguanas
  Terence (D:2)
  6 adders
  An ufetubus (D:4)
  2 worms (D:3)
  A dart slug (D:3)
  An orc (D:4)
  2 ball pythons (D:2)
  5 bats
  4 endoplasms
  5 giant cockroaches
  4 goblins
  8 hobgoblins
  3 jackals (D:2)
  7 kobolds
  A quokka (D:3)
  3 frilled lizards
  7 rats
68 creatures vanquished.

Notes
Turn   | Place    | Note
-------+----------+-------------------------------------------
     0 | D:1      | McIrco the Kobold Berserker began the quest for the Orb.
     0 | D:1      | Reached XP level 1. HP: 14/14 MP: 1/1
    15 | D:1      | Found Zusihol's Distillery.
   245 | D:1      | Reached XP level 2. HP: 9/19 MP: 2/2
   667 | D:1      | You fall into a shaft and drop 1 floor!
   695 | D:2      | Found a faded altar of an unknown god.
   703 | D:2      | Noticed Terence
   716 | D:2      | Killed Terence
   717 | D:2      | Reached skill level 5 in Short Blades
   717 | D:2      | Reached XP level 3. HP: 3/24 MP: 3/3
  1220 | D:2      | Reached XP level 4. HP: 29/29 MP: 4/4
  1395 | D:2      | Reached ** piety under Trog
  1422 | D:2      | Reached skill level 1 in Stealth
  1664 | D:2      | Reached XP level 5. HP: 33/33 MP: 5/5
  1989 | D:3      | Reached skill level 6 in Short Blades
  3060 | D:4      | Reached XP level 6. HP: 37/38 MP: 6/6
  3138 | D:4      | Noticed a black bear
  3143 | D:4      | Killed a black bear
  3154 | D:4      | Noticed Eustachio
  3156 | D:4      | Noticed Grinder
  3161 | D:4      | Killed Grinder
  3162 | D:4      | Reached skill level 7 in Short Blades
  3162 | D:4      | Reached skill level 5 in Stealth
  3162 | D:4      | Reached XP level 7. HP: 44/44 MP: 7/7
  3167 | D:4      | Killed Eustachio
  3167 | D:4      | Reached *** piety under Trog
  3276 | D:4      | Found a staircase to the Ecumenical Temple.
  3353 | D:4      | Noticed Edmund
  3358 | D:4      | Killed Edmund
  3359 | D:4      | Reached XP level 8. HP: 48/48 MP: 8/8
  3375 | D:4      | Mangled by an orc warrior

Illustrated notes

Levels and vault maps discovered:
D:1:      dpeg_arrival_pits, layout_loops_ring, serial_shops, shop, shop,
          nicolae_shop_behind_doors, shop, chequers_serial_rivers_room_a
D:2:      minmay_chambers_of_twos, layout_basic,
          hellmonk_ecumenical_altar_lost_god, minmay_cupped, uniq_terence
D:3:      layout_basic, st_stairs_12, dk_noncrumbling_3
D:4:      layout_loops_ring, minmay_temple_entry_purple_smoke, uniq_grinder,
          uniq_eustachio, uniq_edmund

Skill      XL: |  1  2  3  4  5  6  7 |
---------------+----------------------+-----
Short Blades   | 5 6 7 |  7.8
Fighting       | 4 |  4.7
Stealth        | 1 3 5 6 |  6.8
Dodging        | 3 4 |  4.4
Armour         | |  1.6

Action                   |  1- 3 |  4- 6 |  7- 9 || total
-------------------------+-------+-------+-------++-------
Melee: Short sword       |    75 |    75 |    20 ||   170
       Dagger            |       |    30 |       ||    30
Invok: Berserk           |     3 |     1 |     1 ||     5
 Stab: Sleeping          |     2 |    15 |     2 ||    19
Armor: Animal skin       |    14 |     8 |       ||    22
Dodge: Dodged            |    45 |    58 |    19 ||   122

Table legend: (Time is in decaauts)
 A = Elapsed time spent in this place.
 B = Non-inter-level travel time spent in this place.
 C = Inter-level travel time spent in this place.
 D = Time resting spent in this place.
 E = Time spent auto-exploring this place.
 F = Levels seen in this place.
 G = Mean time per level.
                   A        B        C        D        E       F      G
               +--------+--------+--------+--------+--------+-----+--------+
         Total |   3374 |   3303 |     71 |     34 |   2878 |   4 |  843.5 |
       Dungeon |   3374 |   3303 |     71 |     34 |   2878 |   4 |  843.5 |
               +--------+--------+--------+--------+--------+-----+--------+

Top non-repeatable levels by time:
     D:2: 1115 daAuts
     D:3: 1084 daAuts
     D:1: 676 daAuts
     D:4: 497 daAuts
